 Dungeon Crawl Stone Soup version 0.29-a0-416-g83a48905f1 (webtiles) character file.

Game seed: 1222629172657907459

118 hquester the Skirmisher (level 4, -11/35 HPs)
             Began as a Demonspawn Abyssal Knight on May 16, 2022.
             Was a Priest of Lugonu.
             Mangled by an ogre
             ... wielding a +0 giant spiked club
              (29 damage)
             ... on level 4 of the Dungeon.
             The game lasted 00:08:00 (3639 turns).

hquester the Skirmisher (Demonspawn Abyssal Knight) Turns: 3639, Time: 00:08:01

Health: -11/35     AC:  8    Str: 13    XL:     4   Next: 72%
Magic:  6/6        EV: 11    Int: 14    God:    Lugonu [***...]
Gold:   185        SH:  0    Dex: 13    Spells: 3/3 levels left

rFire   . . .      SeeInvis .   a - +1 short sword
rCold   + . .      Faith    .   (no shield)
rNeg    . . .      Spirit   .   b - +0 leather armour
rPois   .          Reflect  .   (no helmet)
rElec   .          Harm     .   (no cloak)
rCorr   .          Rampage  .   f - +1 pair of gloves
Will    .....                   (no boots)
Stlth   +.........              (no amulet)
HPRegen 0.11/turn               n - ring of protection from cold
MPRegen 0.10/turn               q - ring of flight

@: flying
A: slimy green scales 2
a: Renounce Religion, Depart the Abyss, Bend Space, Banish


You were on level 4 of the Dungeon.
You worshipped Lugonu.
Lugonu was most pleased with you.
You visited 1 branch of the dungeon, and saw 4 of its levels.
You visited the Abyss 1 time.

You collected 185 gold pieces.

Inventory:

Hand Weapons
 a - a +1 short sword (weapon)
Armour
 b - a +0 leather armour (worn)
 f - a +1 pair of gloves (worn)
 p - a +0 scale mail
Jewellery
 n - a ring of protection from cold (left hand)
 q - a ring of flight (right hand)
Scrolls
 c - a scroll of enchant armour
 j - a scroll of poison {unknown}
 m - a scroll of blinking {unknown}
Potions
 d - 2 potions of haste
 e - 2 potions of heal wounds
 g - a potion of degeneration {unknown}
 h - a potion of attraction {unknown}
 i - 2 potions of invisibility {unknown}
 k - a potion of brilliance {unknown}
 l - a potion of cancellation {unknown}
 o - a potion of curing {unknown}


   Skills:
 + Level 3.5 Fighting
 + Level 2.5 Short Blades
 + Level 2.4 Armour
 + Level 1.9 Dodging
 + Level 0.4 Stealth
 + Level 0.2 Spellcasting
 + Level 3.4 Invocations
 + Level 0.2 Evocations


You had 3 spell levels left.
You didn't know any spells.
Your spell library contained the following spells:

 Spells                   Type           Power      Damage    Failure   Level
 Sublimation of Blood     Necr           0%         N/A       50%         2
 Wereblood                Tmut           0%         N/A       50%         2
 Summon Hydra             Summ           0%         N/A       100%        7


Dungeon Overview and Level Annotations

Branches:
Dungeon (4/15)
 Temple: D:4-7

Altars:


Innate Abilities, Weirdness & Mutations

You are mostly covered in slimy green scales. (AC +3)


Message History

There is an open door here.
A ball python comes into view.
The ball python hisses angrily.
The ball python barely misses you. The ball python grabs you.
The ball python constricts you.
You closely miss the ball python.
The ball python bites you but does no damage.
The ball python constricts you.
You hit the ball python.
You kill the ball python!
Lugonu accepts your kill.
Found a dagger.
Done exploring.
Done exploring.
(D) Dungeon
Where to? (Enter - D:3, ? - help)
There is a stone staircase leading down here.
You fly downwards.
Found 8 gold pieces.
There is a stone staircase leading up here.
An ogre is nearby!
The helpless ogre fails to defend itself.
You hit the ogre.
The ogre is lightly wounded.
The ogre hits you with a +0 giant spiked club!
You hit the ogre.
The ogre is moderately wounded.
You hit the ogre.
The ogre is heavily wounded.
The ogre misses you.
You hit the ogre.
The ogre is heavily wounded.
The ogre hits you with a +0 giant spiked club.
You hit the ogre.
The ogre is severely wounded.
You hit the ogre.
The ogre is almost dead.
The ogre hits you with a +0 giant spiked club!!
Ouch! That really hurt!
You die...

+# .# .#
#####.##
......##
#O....####
#@.....$.
##.######
##


You could see an ogre.

Vanquished Creatures
  Terence (D:2)
  4 adders
  2 worms (D:3)
  An orc (D:3)
  6 ball pythons
  6 bats
  6 endoplasms
  3 giant cockroaches
  2 goblins (D:2)
  8 hobgoblins
  A quokka (D:3)
  4 frilled lizards
  3 kobolds
  3 rats (D:1)
50 creatures vanquished.

Notes
Turn   | Place    | Note
-------+----------+-------------------------------------------
     0 | Abyss:1  | hquester the Demonspawn Abyssal Knight began the quest for
                  | the Orb.
     0 | Abyss:1  | Reached XP level 1. HP: 18/18 MP: 2/2
    13 | D:1      | Escaped the Abyss
    57 | D:1      | Reached skill level 1 in Dodging
   213 | D:1      | Gained mutation: You are partially covered in slimy green
                  | scales. (AC +2) [demonic ancestry]
   213 | D:1      | Reached XP level 2. HP: 17/24 MP: 4/4
  1281 | D:2      | Reached XP level 3. HP: 23/29 MP: 5/5
  1607 | D:2      | Noticed Terence
  1626 | D:2      | Killed Terence
  1898 | D:2      | Reached *** piety under Lugonu
  2111 | D:2      | Gained mutation: You are mostly covered in slimy green
                  | scales. (AC +3) [demonic ancestry]
  2111 | D:2      | Reached XP level 4. HP: 21/35 MP: 6/6
  2774 | D:3      | Found a faded altar of an unknown god.
  3633 | D:4      | Noticed an ogre
  3639 | D:4      | Mangled by an ogre

Illustrated notes

Levels and vault maps discovered:
D:1:      dpeg_arrival_short_road, layout_loops_cross
D:2:      layout_basic, uniq_terence
D:3:      layout_loops_corners, dreamdust_ecumenical_altar_angels_and_demons
D:4:      layout_loops_corners, mainiacjoe_overflow_two_lobes,
          lemuel_temple_firewalk_b, serial_shops, shop, roderic_batcave

Skill      XL: |  1  2 |
---------------+-------+-----
Dodging        | 1 |  1.9
Short Blades   | 2 |  2.5
Armour         | 2 |  2.4
Invocations    | 3 |  3.4
Fighting       | |  3.5
Stealth        | |  0.4
Spellcasting   | |  0.2
Evocations     | |  0.2

Action                   |  1- 3 |  4- 6 || total
-------------------------+-------+-------++-------
Melee: Short sword       |   144 |   100 ||   244
       Punch             |     5 |     1 ||     6
  Use: Scroll            |       |     6 ||     6
 Stab: Sleeping          |     1 |     1 ||     2
Armor: Leather armour    |    51 |    30 ||    81
Dodge: Dodged            |    89 |    45 ||   134

Table legend: (Time is in decaauts)
 A = Elapsed time spent in this place.
 B = Non-inter-level travel time spent in this place.
 C = Inter-level travel time spent in this place.
 D = Time resting spent in this place.
 E = Time spent auto-exploring this place.
 F = Levels seen in this place.
 G = Mean time per level.
                   A        B        C        D        E       F      G
               +--------+--------+--------+--------+--------+-----+--------+
         Total |   3637 |   3593 |     44 |    498 |   2477 |   5 |  727.4 |
       Dungeon |   3622 |   3578 |     44 |    498 |   2471 |   4 |  905.5 |
         Abyss |     15 |     15 |      0 |      0 |      6 |   1 |   15.0 |
               +--------+--------+--------+--------+--------+-----+--------+

Top non-repeatable levels by time:
     D:2: 1515 daAuts
     D:1: 1151 daAuts
     D:3: 949 daAuts
 Abyss:1: 15 daAuts
     D:4: 5 daAuts
